 Dungeon Crawl Stone Soup version 0.24-a0-48-g0ecae65 (webtiles) character file.

Game seed: 14125062783970137080

4690 Mgcat the Archer (level 10, 0/72 HPs)
             Began as a Centaur Hunter on Feb 3, 2019.
             Was an Elder of Ru.
             Succumbed to a hornet's poison
             ... on level 8 of the Dungeon.
             The game lasted 00:32:58 (10004 turns).

Mgcat the Archer (Centaur Hunter)                  Turns: 10004, Time: 00:32:59

Health: 0/72       AC:  9    Str: 17    XL:     10   Next: 21%
Magic:  10/10      EV:  4    Int: 10    God:    Ru [****..]
Gold:   495        SH:  0    Dex: 11    Spells: 9/9 levels left

rFire    . . .     SeeInvis .     - Unarmed
rCold    + . .     Gourm    .   (no shield)
rNeg     . . .     Faith    .   k - +0 plate armour
rPois    .         Spirit   .   (no helmet)
rElec    .         Reflect  .   j - +0 cloak
rCorr    .         Harm     .   (no gloves)
MR       .....     Clarity  +   (no barding)
Stlth    ..........             (no amulet)
HPRegen  0.22/turn              l - ring of protection from cold {rC+, !d}
MPRegen  0.12/turn              s - +1 ring of evasion

@: lethally poisoned (0 -> -23), exhausted, lightly drained, very quick
A: large, hooves 3, clarity, deformed body, speed 2, frail 1, tough skin 3, no
stealth, inability to use devices, no air magic, no charms magic, no necromancy
magic
a: Draw Out Power, Power Leap, Renounce Religion


You were on level 8 of the Dungeon.
You worshipped Ru.
Ru was greatly pleased with you.
You were very hungry.

You visited 1 branch of the dungeon, and saw 8 of its levels.

You collected 495 gold pieces.

Inventory:

Hand Weapons
 a - a +2 shortbow
Missiles
 d - 85 arrows (quivered)
Armour
 j - a +0 cloak (worn)
   (You found it on level 5 of the Dungeon)
 k - a +0 plate armour (worn)
   (You found it on level 2 of the Dungeon)
 r - a +0 pair of gloves
   (You found it on level 8 of the Dungeon)
Jewellery
 l - a ring of protection from cold (left hand) {rC+, !d}
   (You found it on level 6 of the Dungeon)
 m - an uncursed ring of fire {rF+, rC-}
   (You found it on level 4 of the Dungeon)
 s - a +1 ring of evasion (right hand)
   (You found it on level 7 of the Dungeon)
Scrolls
 b - 4 scrolls of remove curse
 e - 3 scrolls of identify
 g - a scroll of fear
 i - a scroll of fog
 n - a scroll of teleportation
Potions
 c - a potion of resistance
 h - a potion of degeneration {!q}
 o - a potion of flight
 p - 2 potions of magic
Comestibles
 f - 12 rations


   Skills:
 - Level 5.0(4.6) Fighting
 - Level 12.0(11.5) Bows
 - Level 1.3(1.0) Dodging
 + Level 11.3(10.9) Unarmed Combat


You had 9 spell levels left.
You didn't know any spells.
Your spell library contained the following spells:

 Spells                   Type           Power        Failure   Level  Hunger
 Magic Dart               Conj           #...         100%        1    ##.....
 Searing Ray              Conj           #.....       100%        2    ###....
 Dazzling Spray           Conj/Hex       #.....       100%        3    ####...
 Force Lance              Conj/Tloc      #.......     100%        4    #####..
 Fulminant Prism          Conj/Hex       #.........   100%        4    #####..
 Iskenderun's Mystic Bla  Conj           #.......     100%        4    #####..


Dungeon Overview and Level Annotations

Branches:
Dungeon (8/15)             Temple (0/1) D:5
   Lair: D:8-11

Altars:
Dithmenos
Fedhas
Hepliaklqana
Kikubaaqudgha
Nemelex Xobeh
Ru
Uskayaw
Vehumet
Wu Jian
Yredelemnul


Innate Abilities, Weirdness & Mutations

You have hooves in place of feet.
Armour fits poorly on your strangely shaped body.
You cover ground very quickly.
You have extremely tough skin. (AC +3)
You cannot be stealthy.
You cannot study or use magical devices.
You cannot study or cast Air magic.
You cannot study or cast Charms magic.
You cannot study or cast Necromancy magic.
You possess an exceptional clarity of mind.
You are frail. (-10% HP)


Message History

The hornet stings you!
You feel yourself slow down.
You focus your will and illuminate the hornet in retribution!
The hornet is stunned by your will and fails to attack.
You take 8 damage, and have 54/72 hp.
Unknown command.
Unknown command.
Unknown command.
You punch the hornet!
The hornet is heavily wounded.
You feel yourself speed up. The hornet stings you!
You feel yourself slow down.
You take 9 damage, and have 45/72 hp.
Unknown command.
Unknown command.
Unknown command.
You hit the hornet but do no damage. Your kick misses the hornet.
The hornet is heavily wounded.
The hornet completely misses you.
The hornet is stunned by your will and fails to attack.
You hit the hornet. You kick the hornet, but do no damage.
The hornet is severely wounded.
The hornet is stunned by your will and fails to attack.
The hornet stings you!
You are poisoned.
You feel as though you will be slow longer.
You take 10 damage, and have 35/72 hp.
You barely miss the hornet.
The hornet is severely wounded.
You feel sick. The hornet stings you.
You feel as though you will be slow longer.
The hornet stings you!
* * * LOW HITPOINT WARNING * * *
You feel as though you will be slow longer.
You take 18 damage, and have 17/72 hp.
MASSIVE DAMAGE!!
You barely miss the hornet.
The hornet is severely wounded.
You feel sick. The hornet stings you.
* * * LOW HITPOINT WARNING * * *
You feel as though you will be slow longer.
You take 7 damage, and have 10/72 hp.
Okay, then.
You are restored by drawing out deep reserves of power within.
You feel drained.
You feel sick.
The hornet stops glowing.
The hornet stings you.
You are more poisoned.
You feel yourself slow down. The hornet barely misses you.
The hornet stings you!
You are more poisoned.
You suddenly lose the ability to move!
You focus your will and illuminate the hornet in retribution!
You feel sick. The hornet stings you.
You feel as though you will be slow longer.
You feel sick.
The hornet stings you but does no damage.
The hornet stings you!
* * * LOW HITPOINT WARNING * * *
You are more poisoned.
You feel as though you will be slow longer.
You focus your will and illuminate the hornet in retribution!
You can move again.
You regained 4 hp, and now have 14/72 hp.
Unknown command.
Unknown command.
Unknown command.
Unknown command.
Unknown command.
Unknown command.
Unknown command.
Unknown command.
Unknown command.
Unknown command.
Okay, then.
Unknown command.
As you read the scroll of fear, it crumbles to dust.
You assume a fearsome visage.
The hornet looks frightened!
* * * LOW HITPOINT WARNING * * *
You feel very sick.
You take 5 damage, and have 9/72 hp.
Unknown command.
Unknown command.
Unknown command.
Unknown command.
Unknown command.
* * * LOW HITPOINT WARNING * * *
You feel sick.
You take 2 damage, and have 7/72 hp.
Okay, then.
Okay, then.
Okay, then.
You're too exhausted to draw out your power.
You feel yourself speed up.
* * * LOW HITPOINT WARNING * * *
You feel very sick.
You take 2 damage, and have 5/72 hp.
* * * LOW HITPOINT WARNING * * *
You feel very sick.
You take 3 damage, and have 2/72 hp.
You die...

...# ##.## #...##
.....## ### ......#
######.# .....##
#.#.##.## ..../#
#.#....# #..#.##
#.#.##..# #<....#
#.#.#.#@.# #.##.##
##### ###.#
#.##.####.# #..#
..........#### #.##
.............###.#
......#...#......#
.....###.###....######
......#...#..........#
........_.......####.#


There were no monsters in sight!

Vanquished Creatures
  A two-headed ogre (D:8)
  Joseph (D:7)
  Grinder (D:6)
  A hornet (D:8)
  Sigmund (D:4)
  A hungry ghost (D:7)
  2 steam dragons (D:8)
  Menkaure (D:4)
  A soldier ant (D:8)
  A black bear (D:8)
  An ice beast (D:8)
  2 orc warriors
  4 ogres
  2 bullfrogs
  A scorpion (D:5)
  5 wights
  2 howler monkeys (D:8)
  7 crimson imps
  A bullfrog zombie (D:5)
  2 jellies
  5 hounds
  5 orc priests
  5 orc wizards
  Jessica (D:3)
  Natasha (thrice) (D:3)
  6 iguanas
  7 worker ants
  2 hound skeletons
  4 gnolls (D:7)
  A howler monkey skeleton (D:5)
  7 adders
  An ooze (D:3)
  2 adder skeletons
  A worm (D:3)
  2 dart slugs
  7 leopard geckos
  37 orcs
  3 ball pythons
  7 bats
  3 bat zombies (D:3)
  4 giant cockroaches
  7 goblins
  7 hobgoblins
  3 jackals
  4 kobolds
  6 quokkas
  6 frilled lizards
  A leopard gecko skeleton (D:4)
  13 rats
  3 rat zombies (D:3)
201 creatures vanquished.

Vanquished Creatures (others)
  A centaur skeleton (D:8)
  An orc priest (D:5)
  37 fungi (D:8)
  7 plants (D:8)
46 creatures vanquished.

Grand Total: 247 creatures vanquished

Notes
Turn   | Place    | Note
-------+----------+-------------------------------------------
     0 | D:1      | Mgcat the Centaur Hunter began the quest for the Orb.
     0 | D:1      | Reached XP level 1. HP: 17/17 MP: 1/1
   181 | D:1      | Reached skill level 1 in Unarmed Combat
   255 | D:1      | Reached XP level 2. HP: 25/25 MP: 2/2
   766 | D:1      | You fall through a shaft!
   920 | D:1      | Reached XP level 3. HP: 27/30 MP: 3/3
  1270 | D:2      | Reached skill level 2 in Unarmed Combat
  1295 | D:2      | Reached skill level 3 in Fighting
  1394 | D:2      | HP: 6/31 [adder (2)]
  1822 | D:2      | Reached XP level 4. HP: 34/38 MP: 4/4
  1899 | D:2      | Found a faded altar of an unknown god.
  1901 | D:2      | Became a worshipper of Ru the Awakened
  1903 | D:2      | Gained mutation: You cannot be stealthy. [Ru sacrifice]
  2105 | D:3      | Found a sparkling altar of Nemelex Xobeh.
  2105 | D:3      | Found a hazy altar of Hepliaklqana.
  2325 | D:3      | Noticed Natasha
  2333 | D:3      | Killed Natasha
  2333 | D:3      | Reached skill level 3 in Unarmed Combat
  2396 | D:3      | Noticed Jessica
  2404 | D:3      | Killed Jessica
  2404 | D:3      | Reached XP level 5. HP: 40/46 MP: 5/5
  2416 | D:3      | Reached skill level 4 in Fighting
  2429 | D:3      | Reached skill level 6 in Bows
  2810 | D:3      | Found an ancient bone altar of Kikubaaqudgha.
  2881 | D:3      | Noticed Natasha
  2893 | D:3      | Killed Natasha
  2936 | D:3      | Reached XP level 6. HP: 52/52 MP: 6/6
  3065 | D:3      | Noticed Natasha
  3071 | D:3      | Killed Natasha
  3476 | D:4      | Noticed Sigmund
  3542 | D:3      | Reached skill level 4 in Unarmed Combat
  3593 | D:3      | HP: 13/53 [poisoned by a worker ant]
  3896 | D:4      | Found a hide-covered altar of Uskayaw.
  3969 | D:4      | Reached skill level 5 in Fighting
  3969 | D:4      | Reached skill level 7 in Bows
  3969 | D:4      | Reached XP level 7. HP: 61/61 MP: 7/7
  4044 | D:4      | Noticed Menkaure
  4057 | D:4      | Killed Menkaure
  4106 | D:4      | Found an ornate altar of the Wu Jian Council.
  4160 | D:4      | Reached skill level 5 in Unarmed Combat
  4277 | D:4      | Identified the cursed +3 flail "Fefofuq" {speed, -Tele
                  | Dex+6}
  4617 | D:4      | Killed Sigmund
  4617 | D:4      | Reached skill level 8 in Bows
  4776 | D:5      | Entered Level 5 of the Dungeon
  4778 | D:5      | Gained mutation: You cannot study or use magical devices.
                  | [Ru sacrifice]
  4778 | D:5      | Reached * piety under Ru
  4778 | D:5      | Reached ** piety under Ru
  4778 | D:5      | Reached *** piety under Ru
  4793 | D:5      | Found a basalt altar of Yredelemnul.
  4836 | D:5      | Reached XP level 8. HP: 42/68 MP: 8/8
  4916 | D:5      | Found a staircase to the Ecumenical Temple.
  4961 | D:5      | Reached skill level 6 in Unarmed Combat
  5389 | D:5      | Reached skill level 9 in Bows
  5879 | D:5      | Got a fine robe
  5880 | D:5      | Identified the +1 robe of Qeoxty {*Drain rCorr Str+8 Int+2}
                  | (You found it on level 5 of the Dungeon)
  6208 | D:6      | Reached skill level 7 in Unarmed Combat
  6225 | D:6      | Reached skill level 10 in Bows
  6551 | D:6      | Noticed Grinder
  6843 | D:6      | Killed Grinder
  6843 | D:6      | Reached skill level 8 in Unarmed Combat
  6843 | D:6      | Reached XP level 9. HP: 69/74 MP: 9/9
  6928 | D:6      | Reached skill level 11 in Bows
  7557 | D:7      | Gained mutation: You cannot study or cast Air magic. [Ru
                  | sacrifice]
  7557 | D:7      | Gained mutation: You cannot study or cast Necromancy magic.
                  | [Ru sacrifice]
  7557 | D:7      | Gained mutation: You cannot study or cast Charms magic. [Ru
                  | sacrifice]
  7557 | D:7      | Reached **** piety under Ru
  7615 | D:7      | Noticed Joseph
  7635 | D:7      | HP: 15/74 [Joseph/+0 quarterstaff (17)]
  7639 | D:7      | Killed Joseph
  7970 | D:7      | Reached skill level 9 in Unarmed Combat
  8031 | D:7      | Reached skill level 12 in Bows
  8094 | D:7      | Gained mutation: You are frail. (-10% HP) [potion of
                  | mutation]
  8094 | D:7      | Gained mutation: You possess an exceptional clarity of
                  | mind. [potion of mutation]
  8113 | D:7      | HP: 9/66 [orc warrior/+0 dire flail (17)]
  8698 | D:8      | Noticed a two-headed ogre
  8890 | D:8      | Found a shadowy altar of Dithmenos.
  8966 | D:8      | Reached skill level 10 in Unarmed Combat
  8971 | D:8      | HP: 11/66 [steam dragon] (10)]
  9303 | D:8      | Killed a two-headed ogre
  9303 | D:8      | Reached XP level 10. HP: 35/72 MP: 10/10
  9440 | D:8      | Found a radiant altar of Vehumet.
  9453 | D:8      | Reached skill level 11 in Unarmed Combat
  9462 | D:8      | Found a blossoming altar of Fedhas.
  9570 | D:8      | Paralysed by a hornet for 2 turns
  9575 | D:8      | HP: 13/72 [hornet (11)]
  9575 | D:8      | Paralysed by a hornet for 1 turns
  9577 | D:8      | Paralysed by a hornet for 2 turns
  9582 | D:8      | HP: 9/72 [poisoned by a hornet]
  9590 | D:8      | HP: 9/72 [poisoned by a hornet]
  9995 | D:8      | HP: 17/72 [hornet (12)]
  9997 | D:8      | Paralysed by a hornet for 3 turns
 10000 | D:8      | HP: 9/72 [poisoned by a hornet]
 10003 | D:8      | HP: 2/72 [poisoned by a hornet]
 10004 | D:8      | Succumbed to a hornet's poison

Vault maps used:
D:1:      dpeg_arrival_long_road, minmay_tetromino_s2
D:2:      chequers_ecumenical_altar_twisty
D:3:      lemuel_zombie_altar_kikubaaqudgha, grunt_temple_overflow_open,
          chequers_serial_rivers_large_a, grunt_ministairs_9, uniq_natasha,
          uniq_jessica
D:4:      eat_drink_and_be_merry_uskayaw, lemuel_crystal_altar,
          hangedman_decor_clover_reticule, uniq_menkaure, uniq_sigmund
D:5:      yredelemnul_altar_generic, minmay_temple_entry_proselytizer,
          first_ration
D:6:      uniq_grinder
D:7:      uniq_joseph
D:8:      kennysheep_steamy, kennysheep_mini_moat, lightli_temple_of_fire,
          vehumet_crystals, due_lair_maze_entry_diamond, basic_altar,
          hangedman_pestilent_swarm

Skill      XL: |  1  2  3  4  5  6  7  8  9 10 |
---------------+-------------------------------+-----
Unarmed Combat | 1 2 3 4 5 8 10 11 | 11.3
Fighting       | 3 4 5 |  5.0
Bows           | 6 7 8 10 12 | 12.0
Dodging        | |  1.3

Action                   |  1- 3 |  4- 6 |  7- 9 | 10-12 || total
-------------------------+-------+-------+-------+-------++-------
Melee: Unarmed           |   134 |   210 |   401 |    36 ||   781
       Kick              |    20 |    42 |   104 |     5 ||   171
       Punch             |     1 |       |     9 |       ||    10
 Fire: Shortbow          |    29 |    40 |   155 |    15 ||   239
Invok: Sacrifice Stealth |       |     1 |       |       ||     1
       Sacrifice Artific |       |       |     1 |       ||     1
       Draw Out Power    |       |       |     2 |     1 ||     3
       Sacrifice Arcana  |       |       |     1 |       ||     1
  Use: Potion            |     2 |     1 |     2 |       ||     5
       Scroll            |       |       |    13 |     2 ||    15
 Stab: Invisible         |       |       |     2 |     1 ||     3
  Eat: Chunk             |     2 |     6 |    20 |     1 ||    29
       Ration            |       |       |     1 |       ||     1
Armor: Leather armour    |    28 |       |       |       ||    28
       Plate armour      |    51 |   167 |   202 |    18 ||   438
Dodge: Dodged            |    60 |    27 |    41 |     5 ||   133

Table legend:
 A = Non-vault XP
 B = Vault XP
 C = Vault XP percentage of total XP
 D = Non-vault monster count
 E = Vault monster count
 F = Vault count percentage of total count
                 A         B        C        D         E       F
            +---------+---------+-------+---------+---------+-------
      Total |    4519 |    2181 |  32.6 |     181 |      22 |  10.8
            +---------+---------+-------+---------+---------+-------
        D:1 |      34 |       2 |   5.6 |      20 |       1 |   4.8
        D:2 |      66 |       0 |   0.0 |      17 |       0 |   0.0
        D:3 |     306 |      85 |  21.7 |      37 |      10 |  21.3
        D:4 |     362 |     414 |  53.4 |      24 |       2 |   7.7
        D:5 |     797 |      41 |   4.9 |      24 |       1 |   4.0
        D:6 |     709 |     286 |  28.7 |      18 |       1 |   5.3
        D:7 |     998 |     434 |  30.3 |      32 |       1 |   3.0
        D:8 |    1247 |     919 |  42.4 |       9 |       6 |  40.0
            +---------+---------+-------+---------+---------+-------

Vault maps used:
D:1:      dpeg_arrival_long_road, minmay_tetromino_s2
D:2:      chequers_ecumenical_altar_twisty
D:3:      lemuel_zombie_altar_kikubaaqudgha, grunt_temple_overflow_open,
          chequers_serial_rivers_large_a, grunt_ministairs_9, uniq_natasha,
          uniq_jessica
D:4:      eat_drink_and_be_merry_uskayaw, lemuel_crystal_altar,
          hangedman_decor_clover_reticule, uniq_menkaure, uniq_sigmund
D:5:      yredelemnul_altar_generic, minmay_temple_entry_proselytizer,
          first_ration
D:6:      uniq_grinder
D:7:      uniq_joseph
D:8:      kennysheep_steamy, kennysheep_mini_moat, lightli_temple_of_fire,
          vehumet_crystals, due_lair_maze_entry_diamond, basic_altar,
          hangedman_pestilent_swarm

Table legend:
 A = Turns spent in this place as a percentage of turns spent in the entire game.
 B = Non-inter-level travel turns spent in this place as a percentage of non-inter-level travel turns spent in the entire game.
 C = Inter-level travel turns spent in this place as a percentage of turns spent in this place.
 D = Turns resting spent in this place as a percentage of non-inter-level travel turns spent in this place.
 E = Turns spent auto-exploring this place as a percentage of non-inter-level travel turns spent in this place.
 F = Non-inter-level travel turns spent in this place divided by the number of levels of this place that you've seen.
                   A       B       C       D       E      F
               +-------+-------+-------+-------+-------+----------------------
         Total | 100.0 | 100.0 |   5.9 |  26.2 |  50.7 | 1176.2
       Dungeon | 100.0 | 100.0 |   5.9 |  26.2 |  50.7 | 1176.2
               +-------+-------+-------+-------+-------+----------------------

Table legend:
 A = Kills in this place as a percentage of kills in entire the game.
 B = Kills by you in this place as a percentage of kills by you in the entire game.
 C = Kills by friends in this place as a percentage of kills by friends in the entire game.
 D = Other kills in this place as a percentage of other kills in the entire game.
 E = Experience gained in this place as a percentage of experience gained in the entire game.
 F = Experience gained in this place divided by the number of levels of this place that you have seen.
                   A       B       C       D       E      F
               +-------+-------+-------+-------+-------+----------------------
         Total | 100.0 | 100.0 |   N/A | 100.0 | 100.0 | 837.5
       Dungeon | 100.0 | 100.0 |   N/A | 100.0 | 100.0 | 837.5
               +-------+-------+-------+-------+-------+----------------------
